 Dungeon Crawl Stone Soup version bcrawl-1.41 (webtiles) character file.

Game seed: 11563238262708311841

224396 Cris the Destroyer (level 8, -3/48 HPs)
             Began as a Fairy Conjurer on Apr 12, 2024.
             Was an Initiate of Vehumet.
             Shot with an arrow by a centaur warrior (18 damage)
             ... on level 6 of the Dungeon.
             The game lasted 00:25:54 (4906 turns).

Cris the Destroyer (Fairy Conjurer)                 Turns: 4906, Time: 00:25:55

Health: -3/48      AC:  9    Str:  7    XL:     8   Next: 31%
Magic:  18/20      EV: 16    Int: 20    God:    Vehumet [......]
Gold:   234        SH:  5    Dex: 13    Spells: 2/21 levels left

rFire    . . .     GDR:     25% d - +3 quarterstaff (chaos)
rCold    . . .     SeeInvis .   (shield currently unavailable)
rNeg     . . .     Gourm    .   (armour unavailable)
rPois    .         Faith    .   (no helmet)
rElec    .         Spirit   .   q - +2 cloak
rCorr    .         Reflect  .   h - +0 pair of gloves
MR       .....                  (no boots)
Stlth    +.........             (no amulet)
HPRegen  0.18/turn              (no ring)
MPRegen  0.17/turn              (no ring)

@: flying evasively, drained
A: small, magic attunement, unstealthy, unfitting armour, able to fly, AC/SH +5
a: Stop Flying, Renounce Religion


You were on level 6 of the Dungeon.
You worshipped Vehumet.
Vehumet was noncommittal.
You were not hungry.

You visited 2 branches of the dungeon, and saw 7 of its levels.

You collected 480 gold pieces.
You spent 246 gold pieces at shops.

Inventory:

Hand Weapons
 d - a +3 quarterstaff of chaos (weapon)
 g - a +0 dagger
 w - a +3 flail of protection
Missiles
 m - 93 poisoned tomahawks (quivered)
Armour
 h - a +0 pair of gloves (worn)
 n - a +0 cloak
 q - a +2 cloak (worn)
 A - a +0 helmet
Magical Staves
 b - an uncursed staff of death
Jewellery
 B - an uncursed ring of poison resistance {unknown}
Wands
 v - a wand of digging (4)
Scrolls
 c - 2 scrolls of teleportation {unknown}
 i - 2 scrolls of identify
 k - 2 scrolls of enchant weapon {unknown}
 l - 2 scrolls of enchant armour {unknown}
 r - a scroll of amnesia {unknown}
 x - a scroll of fear {unknown}
 z - a scroll of remove curse
Potions
 a - 2 potions of heal wounds
 f - 7 potions of curing
 j - a potion of agility
 o - a potion of flight
 p - 2 potions of might {unknown}
 s - a potion of invisibility
 t - 2 potions of mutation {unknown}
 u - 3 potions of lignification
 y - a potion of haste
Comestibles
 e - 11 rations {!d}
 C - 2 chunks of flesh


   Skills:
 + Level 1.3(0.7) Fighting
 + Level 1.0(0.4) Staves
 + Level 3.5(2.9) Dodging
 + Level 3.0(2.4) Stealth
 + Level 7.3(6.6) Spellcasting
 + Level 8.9(8.1) Conjurations


You had 2 spell levels left.
You knew the following spells:

 Your Spells              Type           Power        Failure   Level  Hunger
a - Magic Dart            Conj           ####         1%          1    None
b - Searing Ray           Conj           #####...     1%          2    None
c - Iskenderun's Mystic   Conj           #####...     1%          3    None
d - Irradiate             Conj/Tmut      ###.......   45%         5    None
e - Fulminant Prism       Conj/Hex       ###.......   19%         4    None
f - Blink                 Tloc           N/A          16%         2    None
g - Call Imp              Summ           #.....       16%         2    None

Your spell library contained the following spells:

 Spells                   Type           Power        Failure   Level  Hunger
 Conjure Flame            Conj/Fire      ###.....     5%          3    None
 Mephitic Cloud           Conj/Pois/Air  ###.....     10%         3    None
 Spider Form              Tmut/Pois      #..          30%         3    None


Dungeon Overview and Level Annotations

Branches:
Dungeon (6/12)             Temple (1/1) D:5

Altars:
Ashenzari
Cheibriados
Dithmenos
Elyvilon
Fedhas
Gozag
Hepliaklqana
Kikubaaqudgha
Lugonu
Makhleb
Nemelex Xobeh
Okawaru
Qazlal
Sif Muna
Trog
Vehumet
Wu Jian
Xom
Yredelemnul
Zin
The Shining One

Shops:
D:5 *


Innate Abilities, Weirdness & Mutations

Your spells do not cause hunger and MP costs are reduced by 1.
Your bright wings attract enemies. (Stealth-)
You cannot fit into any form of body armour.
Your shimmering scales are hard and can block incoming attacks. (AC +5, SH +5)
You are small and have problems with some larger weapons.
You can fly continuously.


Message History

You see here 106 stones.
A centaur warrior comes into view.
You have encountered a dangerous foe!
The centaur warrior wields a +0 shortbow.
The centaur warrior shoots an arrow.
The arrow closely misses you.
The centaur warrior shoots an arrow.
The arrow hits you!
Casting: Magic Dart (safe; 1% risk of failure)
Confirm with . or Enter, or press ? or * to list all spells.
Aiming: Searing Ray (safe; 1% risk of failure)
Press: ? - help, Shift-Dir - straight line, f - centaur warrior
Aim: a centaur warrior, wielding a +0 shortbow and quivering 146 arrows The searing ray hits the centaur warrior!
The centaur warrior is lightly wounded. (Press . to maintain the ray.)
The centaur warrior shoots an arrow.
The arrow hits you!
The searing ray hits the centaur warrior but does no damage.
The centaur warrior is lightly wounded.
The centaur warrior shoots an arrow.
The arrow hits you!
The centaur warrior shoots an arrow.
The arrow hits you!!
You die...

. ##.# #..##.! ..#
#..##......#
#..###.#(..##...#
#.......####...##
##...<.## #....##$#
##.#..# #.......#
##..<#.#####.[..#
#<...##.##..c#
#....##...#...@##...#
......#
##..†...###.......
..#... ##.............c.
###..####..########.#...
#.......# .# ..
#.......# # # #..##....#
.. ##...# #...#


You could see a centaur warrior.

Vanquished Creatures
  Edmund (D:4)
  2 sky beasts (D:6)
  Blork the orc (D:3)
  A scorpion (D:6)
  An orc priest (D:5)
  2 crimson imps (D:4)
  A gnoll shaman (D:4)
  Crazy Yiuf (D:2)
  A quasit (D:5)
  Natasha (thrice) (D:4)
  An orc wizard (D:5)
  2 iguanas
  4 worker ants
  6 gnolls
  10 adders
  2 oozes
  3 worms
  2 leopard geckos
  7 orcs
  7 bats
  3 giant cockroaches
  2 goblins
  13 hobgoblins
  8 jackals
  4 kobolds
  A quokka (D:2)
  A frilled lizard (D:1)
  2 gnoll zombies (D:2)
  6 rats
98 creatures vanquished.

Notes
Turn   | Place    | Note
-------+----------+-------------------------------------------
     0 | D:1      | Cris the Fairy Conjurer began the quest for the Orb.
     0 | D:1      | Reached XP level 1. HP: 11/11 MP: 5/5
   140 | D:1      | Reached skill level 5 in Conjurations
   321 | D:1      | Reached XP level 2. HP: 17/17 MP: 6/6
   324 | D:1      | Learned a level 2 spell: Searing Ray
   986 | D:1      | Reached XP level 3. HP: 19/21 MP: 8/8
   990 | D:1      | Learned a level 3 spell: Iskenderun's Mystic Blast
  1101 | D:2      | Found a snail-covered altar of Cheibriados.
  1248 | D:2      | Reached skill level 6 in Conjurations
  1542 | D:2      | Reached XP level 4. HP: 27/27 MP: 6/10
  1710 | D:2      | Found a basalt altar of Yredelemnul.
  1914 | D:2      | Found a runed door.
  2096 | D:2      | Noticed Crazy Yiuf
  2100 | D:2      | Killed Crazy Yiuf
  2470 | D:3      | Reached XP level 5. HP: 31/31 MP: 9/11
  2633 | D:3      | Found a sparkling altar of Nemelex Xobeh.
  2815 | D:3      | Found a stormy altar of Qazlal.
  2917 | D:3      | Found a shimmering altar of Xom.
  3070 | D:4      | Noticed Blork the orc
  3084 | D:3      | Killed Blork the orc
  3085 | D:3      | Reached skill level 7 in Conjurations
  3085 | D:3      | Reached XP level 6. HP: 36/36 MP: 7/14
  3211 | D:4      | Noticed Edmund
  3230 | D:4      | Killed Edmund
  3231 | D:4      | Reached skill level 5 in Spellcasting
  3330 | D:4      | Reached XP level 7. HP: 41/41 MP: 6/16
  3628 | D:4      | Noticed Natasha
  3632 | D:4      | Killed Natasha
  3633 | D:4      | Reached skill level 8 in Conjurations
  3698 | D:4      | Reached skill level 1 in Fighting
  3875 | D:4      | Noticed Natasha
  3878 | D:4      | Killed Natasha
  3931 | D:4      | Noticed Natasha
  3937 | D:4      | Killed Natasha
  3954 | D:5      | Entered Level 5 of the Dungeon
  3954 | D:5      | Found a hazy altar of Hepliaklqana.
  4100 | D:5      | Found a staircase to the Ecumenical Temple.
  4108 | Temple   | Entered the Ecumenical Temple
  4112 | Temple   | Became a worshipper of Vehumet
  4351 | D:5      | Found Netsijeg's Assorted Antiques.
  4356 | D:5      | Bought a slimy long sword for 246 gold pieces
  4356 | D:5      | Identified the cursed +0 long sword of the Pillar {slice,
                  | *Drain rN+ Str+8} (You bought it in a shop on level 5 of
                  | the Dungeon)
  4400 | D:5      | Learned a level 5 spell: Irradiate
  4405 | D:5      | Learned a level 4 spell: Fulminant Prism
  4408 | D:5      | Learned a level 2 spell: Blink
  4411 | D:5      | Learned a level 2 spell: Call Imp
  4560 | D:5      | Reached XP level 8. HP: 48/48 MP: 15/19
  4592 | D:5      | Found a white marble altar of Elyvilon.
  4873 | D:6      | Reached skill level 1 in Staves
  4899 | D:6      | Noticed a centaur warrior
  4906 | D:6      | Shot with an arrow by a centaur warrior

Skill      XL: |  1  2  3  4  5  6  7  8 |
---------------+-------------------------+-----
Conjurations   | 5 6 7 8 |  8.9
Spellcasting   | 3 4 5 6 7 |  7.3
Dodging        | 3 |  3.5
Stealth        | 2 3 |  3.0
Fighting       | 1 |  1.3
Staves         | 1 |  1.0

Action                   |  1- 3 |  4- 6 |  7- 9 || total
-------------------------+-------+-------+-------++-------
Melee: Unarmed           |     3 |       |       ||     3
       Dagger            |     2 |       |       ||     2
       Quarterstaff      |       |     1 |     6 ||     7
 Cast: Magic Dart        |    68 |    65 |    25 ||   158
       Searing Ray       |     9 |    13 |    17 ||    39
  Use: Scroll            |     2 |     5 |     4 ||    11
       Potion            |       |     1 |       ||     1
 Stab: Paralysed         |       |       |     2 ||     2
  Eat: Chunk             |     2 |     6 |     2 ||    10
       Ration            |       |       |     1 ||     1
Armor: Skin              |     8 |    10 |     9 ||    27
Dodge: Dodged            |    30 |    14 |    17 ||    61
Block: Other             |     9 |     6 |    10 ||    25
